 Dungeon Crawl Stone Soup version 0.19.1 (webtiles) character file.

6960 androgeny the Blocker (level 11, 7/89 HPs)
             Began as a Formicid Fighter on Dec 2, 2016.
             Was an Elder of Okawaru.
             Quit the game on level 10 of the Dungeon.
             The game lasted 00:52:14 (10472 turns).

androgeny the Blocker (Formicid Fighter)           Turns: 10472, Time: 00:52:15

Health: 7/89       AC: 15    Str: 20    XL:     11   Next: 28%
Magic:  12/14      EV:  8    Int:  9    God:    Okawaru [****..]
Gold:   527        SH:  7    Dex: 13    Spells: 0 memorised, 10 levels left

rFire  . . .     SeeInvis +     a - +1 war axe
rCold  + . .     Gourm    .     O - +1 chain mail {rC+}
rNeg   . . .     Faith    .     c - +0 shield
rPois  .         Spirit   .     (helmet unavailable)
rElec  .         Reflect  .     I - +2 cloak {+Inv}
rCorr  .         Harm     .     (no gloves)
MR     +....                    J - +0 pair of boots
Stlth  ..........               y - amulet of regeneration
                                (no ring)
                                r - +4 ring of evasion

@: heroism, very heavily drained
A: permanent stasis, dig shafts and tunnels, four strong arms, antennae 3, thin
metallic scales 1, sense surroundings 1, robust 1, no device heal 2
a: Dig, Shaft Self, Heroism, Renounce Religion, Evoke Invisibility


You were on level 10 of the Dungeon.
You worshipped Okawaru.
Okawaru was greatly pleased with you.
You were hungry.

You visited 1 branch of the dungeon, and saw 10 of its levels.
You also visited: Sewer.

You collected 527 gold pieces.

Inventory:

Hand Weapons
 a - a +1 war axe (weapon)
 x - the +1 halberd "Yxkielej" {chaos, Int+2}
   (You found it on level 5 of the Dungeon)

   Each time it hits an enemy it has a different, random effect.
   It affects your intelligence (+2).
Armour
 c - a +0 shield (worn)
 I - a +2 cloak of invisibility (worn)
 J - a +0 pair of boots (worn)
 O - a +1 chain mail of cold resistance (worn)
Jewellery
 g - an uncursed amulet of guardian spirit
 r - a +4 ring of evasion (left hand)
 y - an amulet of regeneration (around neck)
Wands
 h - a wand of acid (8/15)
 M - a wand of lightning (9/15)
 Q - a wand of flame (20/48)
Scrolls
 i - 3 scrolls of magic mapping
 p - 8 scrolls of recharging
 C - a scroll of immolation
 L - a scroll of noise {unknown}
 P - 2 scrolls of remove curse
 S - a scroll of vulnerability {unknown}
Potions
 d - 4 potions of might
 j - 4 potions of curing
 o - 5 potions of flight
 B - a potion of magic
 D - a potion of lignification
 E - a potion of ambrosia
Comestibles
 f - 13 bread rations
 t - 4 slices of pizza
 u - 7 meat rations
 v - 2 beef jerkies
 A - 3 fruits


   Skills:
 * Level 6.2(0.0) Fighting
 + Level 9.8(0.0) Axes
 - Level 3.1(0.0) Polearms
 + Level 7.0(0.0) Armour
 + Level 3.7(0.0) Dodging
 - Level 0.6(0.0) Stealth
 + Level 10.0(0.0) Shields
 * Level 5.2(0.0) Invocations
 * Level 4.5(0.0) Evocations


You had 10 spell levels left.
You didn't know any spells.

Dungeon Overview and Level Annotations

Branches:
Dungeon (10/15)            Temple (0/1) D:6             Orc (0/2) D:9
   Lair: D:8-11

Altars:
Ashenzari
Cheibriados
Fedhas
Gozag
Hepliaklqana
Makhleb
Nemelex Xobeh
Okawaru
Sif Muna
Trog
Yredelemnul
Zin

Annotations:
D:9 Sonja


Innate Abilities, Weirdness & Mutations

You are under a permanent stasis effect.
You can dig through walls and to a lower floor.
Your four strong arms can wield two-handed weapons with a shield.
You have a pair of large antennae on your head. (SInv)
You are partially covered in thin metallic scales. (AC +2)
You passively map a small area around you.
You are robust. (+10% HP)
Potions and wands are poor at restoring your health.


Message History

You feel like a meek peon again. You block the centaur warrior's attack.
The centaur warrior hits you!
* * * LOW HITPOINT WARNING * * *
You gain the combat prowess of a mighty hero.
You block the centaur warrior's attack. The centaur warrior hits you.
* * * LOW HITPOINT WARNING * * *
You hit the centaur warrior.
The centaur warrior is heavily wounded.
You block the centaur warrior's attack.
The centaur warrior completely misses you.
The centaur warrior barely misses you. The centaur warrior hits you.
* * * LOW HITPOINT WARNING * * *
You closely miss the centaur warrior.
The centaur warrior is heavily wounded.
The centaur warrior hits you but does no damage. x2
You closely miss the centaur warrior.
The centaur warrior is moderately wounded.
You block the centaur warrior's attack. x2; The centaur warrior hits you.
* * * LOW HITPOINT WARNING * * *
Are you sure you want to abandon this character and quit the game? (Confirm with "yes".)

* #......# ,
#......## ,
+.......# *
##o.o....# ,
*#...o....#
.##.###.#..#
........#..# *
###...##...####
*..........c.#@#
.##.######.#c##
..... , .>..###
#.##, #.### ..#. *
#.# #.#.##,
#.########
[.#..######.<......#
.....##...#.######.#
..#........c# *,


You could see a centaur warrior.

Vanquished Creatures
  Erolcha (D:9)
  A hill giant (D:8)
  Psyche (D:9)
  3 hippogriffs (D:7)
  A spriggan (D:8)
  A wyvern (D:9)
  Menkaure (D:6)
  A steam dragon (D:9)
  2 water moccasins
  Purgy (Sewer)
  An ice beast (D:6)
  A black bear (D:8)
  3 sky beasts
  A hornet zombie (D:9)
  5 orc warriors
  The ghost of TheSquall the Slasher, an amateur MiFi of Okawaru (D:3)
  An ogre (D:7)
  A phantom (D:3)
  6 centaurs
  3 bullfrogs
  A wyvern skeleton (D:7)
  A wyvern zombie (D:9)
  2 scorpions (D:9)
  6 killer bees (D:8)
  3 howler monkeys
  3 crimson imps
  5 hounds
  A quasit (D:9)
  9 orc priests
  2 bullfrog zombies
  13 orc wizards
  A centaur skeleton (D:5)
  3 iguanas
  6 worker ants
  A killer bee zombie (D:9)
  A hound zombie (D:9)
  A worker ant zombie (D:7)
  16 adders
  A shadow imp (D:8)
  2 oozes
  2 adder zombies
  2 worms
  An adder skeleton (D:8)
  4 dart slugs
  11 leopard geckos
  30 orcs
  8 bats
  4 giant cockroaches
  13 goblins
  4 hobgoblins
  8 jackals
  3 quokkas
  6 ball pythons
  16 frilled lizards
  13 kobolds
  2 leopard gecko skeletons
  9 rats
  3 bushes (D:7)
253 creatures vanquished.

Vanquished Creatures (others)
  An adder skeleton (D:9)
1 creature vanquished.

Grand Total: 254 creatures vanquished

Notes
Turn   | Place    | Note
-------+----------+-------------------------------------------
     0 | D:1      | androgeny the Formicid Fighter began the quest for the Orb.
     0 | D:1      | Reached XP level 1. HP: 18/18 MP: 1/1
   184 | D:1      | Reached XP level 2. HP: 24/24 MP: 2/2
   285 | D:1      | Reached XP level 3. HP: 27/29 MP: 3/3
   473 | D:1      | Reached skill level 4 in Shields
   677 | D:2      | Reached XP level 4. HP: 34/35 MP: 4/4
   990 | D:2      | You fall through a shaft for 2 floors!
  1055 | D:4      | Reached XP level 5. HP: 40/41 MP: 5/5
  1578 | D:2      | Found a shattered altar of Ashenzari.
  1670 | D:3      | Noticed TheSquall's ghost (amateur MiFi)
  1937 | D:3      | Reached skill level 1 in Dodging
  2119 | D:3      | Killed TheSquall's ghost
  2119 | D:3      | Reached skill level 5 in Shields
  2119 | D:3      | Reached XP level 6. HP: 27/48 MP: 6/6
  2158 | D:3      | Noticed a phantom
  2193 | D:3      | Killed a phantom
  2295 | D:3      | Reached XP level 7. HP: 53/53 MP: 7/7
  2538 | D:3      | Reached skill level 5 in Axes
  3011 | D:4      | Found an iron altar of Okawaru.
  3016 | D:4      | Became a worshipper of Warmaster Okawaru
  3086 | D:4      | Found a glowing silver altar of Zin.
  3087 | D:4      | Found a deep blue altar of Sif Muna.
  3359 | D:5      | Entered Level 5 of the Dungeon
  3388 | D:5      | Got an ichor-stained halberd
  3389 | D:5      | Identified the cursed +1 halberd "Yxkielej" {chaos, Int+2} (You found it on level 5 of the Dungeon)
  3415 | D:5      | Reached skill level 6 in Shields
  3558 | D:5      | Found a sparkling altar of Nemelex Xobeh.
  3611 | D:5      | Reached skill level 1 in Polearms
  3655 | D:5      | Found a glowing drain.
  3663 | Sewer    | Entered a sewer
  3732 | Sewer    | Noticed Purgy
  3788 | Sewer    | Killed Purgy
  3788 | Sewer    | Reached * piety under Okawaru
  3788 | Sewer    | Reached skill level 5 in Armour
  3788 | Sewer    | Reached XP level 8. HP: 38/60 MP: 8/8
  4622 | D:5      | Reached skill level 7 in Shields
  4984 | D:6      | Reached XP level 9. HP: 66/66 MP: 9/9
  4989 | D:6      | Reached ** piety under Okawaru
  5171 | D:6      | Noticed Menkaure
  5190 | D:6      | Killed Menkaure
  5433 | D:6      | Found a staircase to the Ecumenical Temple.
  5486 | D:6      | Found a basalt altar of Yredelemnul.
  5623 | D:6      | Found a burning altar of Makhleb.
  5893 | D:6      | Reached skill level 8 in Shields
  6219 | D:7      | Reached skill level 5 in Fighting
  6231 | D:7      | Found an opulent altar of Gozag.
  6278 | D:7      | Noticed a hippogriff
  6294 | D:7      | Killed a hippogriff
  6294 | D:7      | Reached *** piety under Okawaru
  6313 | D:7      | Found a hazy altar of Hepliaklqana.
  6329 | D:7      | Found a blossoming altar of Fedhas.
  6462 | D:7      | Reached skill level 1 in Evocations
  6467 | D:7      | Gained mutation: You have sharp toenails. [mutagenic meat]
  6468 | D:7      | Gained mutation: Potions and wands are less effective at restoring your health. [mutagenic meat]
  6469 | D:7      | Gained mutation: Potions and wands are poor at restoring your health. [mutagenic meat]
  6470 | D:7      | Gained mutation: You have razor-sharp toenails. [mutagenic meat]
  6471 | D:7      | Lost mutation: You have razor-sharp toenails. [mutagenic meat]
  6543 | D:7      | Noticed a hippogriff
  6552 | D:7      | Killed a hippogriff
  6552 | D:7      | Reached skill level 1 in Invocations
  6552 | D:7      | Reached XP level 10. HP: 62/74 MP: 10/10
  6850 | D:8      | Found a bloodstained altar of Trog.
  6922 | D:8      | Noticed a hill giant
  6933 | D:8      | Killed a hill giant
  6933 | D:8      | Reached **** piety under Okawaru
  7208 | D:8      | Found a deep blue altar of Sif Muna.
  7256 | D:8      | You fall through a shaft!
  7267 | D:9      | Noticed Psyche
  7292 | D:9      | Killed Psyche
  7292 | D:9      | Reached skill level 9 in Shields
  7564 | D:8      | Found a snail-covered altar of Cheibriados.
  8201 | D:9      | Noticed Erolcha
  8768 | D:9      | Reached XP level 11. HP: 76/81 MP: 14/14
  8786 | D:9      | Gained mutation: You possess an exceptional clarity of mind. [mutagenic meat]
  8787 | D:9      | Gained mutation: You are resistant to hostile enchantments. (MR+) [mutagenic meat]
  8792 | D:9      | Found a staircase to the Orcish Mines.
  9113 | D:9      | Killed Erolcha
  9113 | D:9      | Reached ***** piety under Okawaru
  9113 | D:9      | Reached skill level 5 in Invocations
  9483 | D:9      | Reached skill level 10 in Shields
  9524 | D:10     | Entered Level 10 of the Dungeon
  9524 | D:10     | Found a basalt altar of Yredelemnul.
  9524 | D:10     | Noticed Sonja
  9530 | D:10     | Noticed a centaur warrior
 10348 | D:8      | Gained mutation: Your body sometimes deteriorates upon taking damage. [potion of mutation]
 10348 | D:8      | Gained mutation: You are clumsy. (Dex -2) [potion of mutation]
 10349 | D:8      | Gained mutation: You are partially covered in thin metallic scales. (AC +2) [potion of mutation]
 10352 | D:8      | Lost mutation: You are clumsy. (Dex -2) [potion of cure mutation]
 10352 | D:8      | Lost mutation: Your body sometimes deteriorates upon taking damage. [potion of cure mutation]
 10352 | D:8      | Lost mutation: You possess an exceptional clarity of mind. [potion of cure mutation]
 10352 | D:8      | Lost mutation: You are resistant to hostile enchantments. (MR+) [potion of cure mutation]
 10352 | D:8      | Lost mutation: You have sharp toenails. [potion of cure mutation]
 10357 | D:8      | Gained mutation: You are robust. (+10% HP) [potion of beneficial mutation]
 10358 | D:8      | Gained mutation: You passively map a small area around you. [potion of beneficial mutation]
 10472 | D:10     | Quit the game

Skill      XL: |  1  2  3  4  5  6  7  8  9 10 11 |
---------------+----------------------------------+-----
Shields        | 4 5 6 7 8 9 10 | 10.0
Axes           | 3 4 5 8 9 |  9.8
Armour         | 4 5 6 7 |  7.0
Dodging        | 1 2 3 |  3.7
Fighting       | 4 5 6 |  6.2
Polearms       | 1 3 |  3.1
Evocations     | 1 3 4 |  4.5
Invocations    | 1 4 5 |  5.2
Stealth        | |  0.6

Action                   |  1- 3 |  4- 6 |  7- 9 | 10-12 || total
-------------------------+-------+-------+-------+-------++-------
Melee: War axe           |    86 |   252 |   373 |   589 ||  1300
       Halberd           |       |       |   187 |       ||   187
Invok: Heroism           |       |       |       |    16 ||    16
 Abil: Dig               |       |       |    11 |    13 ||    24
Evoke: Wand              |       |       |       |     1 ||     1
  Use: Scroll            |       |     1 |     3 |    22 ||    26
       Potion            |       |       |       |    12 ||    12
  Eat: Chunk             |       |     5 |    22 |     5 ||    32
       Bread ration      |       |       |       |     2 ||     2
       Fruit             |       |       |       |     1 ||     1
       Royal jelly       |       |       |       |     1 ||     1
Armor: Scale mail        |    46 |   101 |   196 |    16 ||   359
       Chain mail        |       |       |       |   341 ||   341
Dodge: Dodged            |    33 |   121 |   377 |   344 ||   875
Block: Shield            |    62 |   157 |   413 |   426 ||  1058
